 Dungeon Crawl Stone Soup version 0.30-a0-743-gbfdf073431 (webtiles) character file.

Game seed: 5821854711919790739

11594 Bitman the Cleaver (level 11, 0/102 HPs)
             Began as a Minotaur Fighter on Feb 7, 2023.
             Was an Elder of Trog.
             Killed from afar by an electric eel (9 damage)
             ... with a bolt of electricity
             ... in a bailey.
             The game lasted 00:22:51 (9894 turns).

Bitman the Cleaver (Minotaur Fighter)               Turns: 9894, Time: 00:22:52

Health: 0/102      AC: 18    Str: 24    XL:     11   Next: 51%
Magic:  0/10       EV:  9    Int:  5    God:    Trog [****..]
Gold:   506        SH:  0    Dex: 11    Spells: 10/10 levels left

rFire   . . .      SeeInvis .    q - +3 executioner's axe (flame)
rCold   . . .      Faith    .    (shield currently unavailable)
rNeg    . . .      Spirit   +    y - +0 plate armour
rPois   .          Reflect  .    C - +2 hat
rElec   .          Harm     .    (no cloak)
rCorr   .          Rampage  .    w - +0 pair of gloves
Will    ++...                    (no boots) Stlth
                                 j - amulet of guardian spirit
HPRegen 1.37/turn                (no ring)
MPRegen 0.12/turn                (no ring)

@: strong-willed, regenerating
A: horns 2, retaliatory headbutt
a: Renounce Religion, Berserk, Trog's Hand, Brothers in Arms


You were in a bailey.
You worshipped Trog.
Trog was greatly pleased with you.
You visited 1 branch of the dungeon, and saw 10 of its levels.
You also visited: Bailey.

You collected 670 gold pieces.
You spent 164 gold pieces at shops.

Inventory:

Hand Weapons
 a - a +0 war axe
 q - a +3 executioner's axe of flaming (weapon)
Missiles
 r - 5 poisoned darts (quivered)
Armour
 c - a +0 buckler
 w - a +0 pair of gloves (worn)
 y - a +0 plate armour (worn)
 C - a +2 hat (worn)
Jewellery
 f - an amulet of faith
 j - an amulet of guardian spirit (around neck)
Wands
 m - a wand of mindburst (13)
 A - a wand of charming (19)
 B - a wand of polymorph (2)
Scrolls
 b - a scroll of fog
 e - 4 scrolls of teleportation
 k - 6 scrolls of identify
 s - 2 scrolls of magic mapping
 v - 2 scrolls of enchant weapon
 x - 2 scrolls of enchant armour
 D - a scroll of blinking {unknown}
 E - a scroll of silence {unknown}
 F - a scroll of poison {unknown}
Potions
 d - 3 potions of might
 g - 6 potions of curing
 h - 2 potions of lignification {unknown}
 i - a potion of brilliance
 l - a potion of berserk rage
 n - 2 potions of magic {unknown}
 o - 2 potions of attraction {unknown}
 p - a potion of invisibility {unknown}
 t - a potion of haste
 u - a potion of cancellation {unknown}
 z - a potion of degeneration {unknown}


   Skills:
 + Level 11.2 Fighting
 * Level 14.9 Axes
 + Level 11.2 Armour
 - Level 5.0 Dodging
 - Level 4.2 Shields


You had 10 spell levels left.
You didn't know any spells.
Your spell library contained the following spells:

 Spells                   Type           Power      Damage    Failure   Level
 Apportation              Tloc           0%         N/A       99%         1
 Kiss of Death            Conj/Necr      0%         2d5       99%         1
 Necrotise                Necr           0%         1d4       99%         1
 Summon Small Mammal      Summ           0%         N/A       99%         1
 Confusing Touch          Hex            0%         N/A       100%        3
 Dispel Undead            Necr           0%         3d6       100%        4


Dungeon Overview and Level Annotations

Branches:
Dungeon (10/15)            Temple (0/1) D:6            Lair (0/5) D:9
 Bailey (1/1)
    Orc: D:9-12

Altars:
Cheibriados
Fedhas
Gozag
Kikubaaqudgha
Nemelex Xobeh
Qazlal
Trog

Shops:
D:5 ?   D:9 (

Annotations:
D:4 1 transporter, lotum's ghost, amateur OpVM


Innate Abilities, Weirdness & Mutations

You have a pair of horns on your head.
You reflexively headbutt those who attack you in melee.


Message History

The bolt of electricity misses you.
The electric eel shoots out a bolt of lightning at you!
The bolt of electricity hits you.
An electric eel comes into view.
The electric eel shoots out a bolt of lightning at you!
The bolt of electricity hits you but does no damage.
The electric eel shoots out a bolt of lightning at you!
The bolt of electricity hits you.
The electric eel shoots out a bolt of lightning at you!
The bolt of electricity misses you.
The electric eel shoots out a bolt of lightning at you!
The bolt of electricity hits you!
The electric eel shoots out a bolt of lightning at you!
The bolt of electricity hits the electric eel.
The electric eel completely resists.
The bolt of electricity hits you.
The electric eel shoots out a bolt of lightning at you!
The bolt of electricity hits you.
The electric eel shoots out a bolt of lightning at you!
The bolt of electricity hits you!
The electric eel shoots out a bolt of lightning at you!
The bolt of electricity hits you!
The electric eel shoots out a bolt of lightning at you!
The bolt of electricity hits you!
* * * LOW HITPOINT WARNING * * *
Your skin crawls.
You feel strong-willed.
The electric eel looks more healthy.
The electric eel shoots out a bolt of lightning at you!
The bolt of electricity hits you.
* * * LOW HITPOINT WARNING * * *
The electric eel shoots out a bolt of lightning at you!
The bolt of electricity hits you!
* * * LOW HITPOINT WARNING * * *
The bolt of electricity misses you.
The electric eel shoots out a bolt of lightning at you!
The bolt of electricity hits you!
* * * LOW HITPOINT WARNING * * *
The electric eel shoots out a bolt of lightning at you!
The bolt of electricity hits you!
You die...

# #...#
#..#.~≈≈≈≈≈≈ #
##+## #..#.~SS≈≈≈≈
# #+##.~≈≈≈≈≈≈ #
#.~≈≈≈≈≈≈ #
#.~≈≈≈≈≈≈ #
#.~≈≈≈≈≈≈ ####
#.~≈≈≈S≈≈
...#######
#.~≈≈≈≈≈≈
...#.....#
#@~≈≈≈≈≈≈
.).#.....#
#.~≈≈≈≈≈≈
#).#..⌠..#
#+#≈≈≈≈≈≈
#..'.....+ ≈≈≈≈≈≈
#..'.))..+ ≈≈≈≈≈≈
#####'''#####
≈≈≈≈≈≈
#...........#
≈≈≈≈≈
#~~~~...~~~~######
≈≈≈≈
≈≈≈≈≈...≈≈≈≈≈≈≈≈≈≈


You could see 3 electric eels.

Vanquished Creatures
  Gastronok (D:8)
  2 two-headed ogres (D:9)
  An orc sorcerer (Bailey)
  Joseph (D:8)
  Maggie (D:6)
  Psyche (D:9)
  2 gargoyles
  A kobold demonologist (D:10)
  A troll (D:7)
  Grinder (D:5)
  A shadow (D:10)
  16 yaks
  2 steam dragons (D:8)
  2 vampire mosquitoes (D:9)
  2 wargs (D:9)
  10 orc warriors
  3 centaurs
  An ogre (D:7)
  A bullfrog (D:8)
  2 necrophages (D:7)
  A gnoll sergeant (D:9)
  8 wights
  5 scorpions
  An electric eel (D:8)
  5 howler monkeys
  2 jellies
  7 orc priests
  4 hounds
  7 iguanas
  14 orc wizards
  14 gnolls
  3 adders
  A white imp (D:6)
  4 ufetubi
  4 dart slugs
  50 orcs
  6 ball pythons
  7 endoplasms
  3 giant cockroaches
  12 goblins
  13 hobgoblins
  4 jackals (D:3)
  3 quokkas
  4 bats (D:1)
  2 frilled lizards
  12 kobolds
  10 rats
258 creatures vanquished.

Vanquished Creatures (others)
  An orc wizard (D:9)
  An orc (D:8)
  28 plants
30 creatures vanquished.

Grand Total: 288 creatures vanquished

Notes
Turn   | Place    | Note
-------+----------+-------------------------------------------
     0 | D:1      | Bitman the Minotaur Fighter began the quest for the Orb.
     0 | D:1      | Reached XP level 1. HP: 19/19 MP: 0/0
   327 | D:1      | Reached XP level 2. HP: 27/27 MP: 1/1
   411 | D:1      | Reached skill level 3 in Axes
   491 | D:1      | Reached XP level 3. HP: 29/33 MP: 2/2
  1048 | D:2      | Found an opulent altar of Gozag.
  1934 | D:3      | Reached skill level 1 in Dodging
  1940 | D:3      | Reached XP level 4. HP: 26/40 MP: 3/3
  2340 | D:4      | Reached skill level 4 in Axes
  2438 | D:4      | Reached XP level 5. HP: 47/47 MP: 4/4
  2467 | D:4      | Found a transporter.
  2467 | D:4      | Noticed an ogre
  2467 | D:4      | Noticed lotum's ghost (amateur OpVM)
  2468 | D:4      | Identified the +11 dire flail "Plog" {antimagic, Dex+2}
  2468 | D:4      | Noticed an ogre
  2469 | D:4      | Noticed an ogre
  2599 | D:4      | Found a sparkling altar of Nemelex Xobeh.
  2619 | D:4      | Found a bloodstained altar of Trog.
  2625 | D:4      | Became a worshipper of Trog the Wrathful
  2980 | D:4      | Reached skill level 5 in Axes
  3066 | D:5      | Entered Level 5 of the Dungeon
  3073 | D:5      | Reached XP level 6. HP: 53/53 MP: 5/5
  3092 | D:5      | Reached skill level 5 in Armour
  3142 | D:5      | Reached * piety under Trog
  3143 | D:5      | Reached skill level 5 in Fighting
  3303 | D:5      | Reached XP level 7. HP: 44/61 MP: 4/6
  3396 | D:5      | Noticed Grinder
  3396 | D:5      | Paralysed by Grinder for 5 turns
  3402 | D:5      | Paralysed by Grinder for 5 turns
  3411 | D:5      | Paralysed by Grinder for 2 turns
  3415 | D:5      | Paralysed by Grinder for 4 turns
  3422 | D:5      | Paralysed by Grinder for 5 turns
  3427 | D:5      | Killed Grinder
  3428 | D:5      | Reached skill level 6 in Axes
  3774 | D:5      | Found a stormy altar of Qazlal.
  3800 | D:5      | Reached skill level 7 in Axes
  3892 | D:5      | Found The Oracle's Delphic Readings.
  3908 | D:5      | Bought a scroll of enchant weapon for 82 gold pieces
  3908 | D:5      | Bought a scroll of enchant weapon for 82 gold pieces
  4060 | D:5      | Reached XP level 8. HP: 55/70 MP: 4/7
  4418 | D:6      | Reached skill level 8 in Axes
  4651 | D:6      | Noticed Maggie
  4659 | D:6      | Killed Maggie
  4670 | D:6      | Reached skill level 5 in Dodging
  4815 | D:6      | Found a staircase to the Ecumenical Temple.
  4845 | D:6      | Reached ** piety under Trog
  4932 | D:6      | Reached skill level 9 in Axes
  5168 | D:7      | Noticed a troll
  5168 | D:7      | Noticed a gargoyle
  5220 | D:7      | Reached XP level 9. HP: 62/79 MP: 5/8
  5224 | D:7      | Killed a gargoyle
  5227 | D:7      | Killed a troll
  5228 | D:7      | Reached skill level 10 in Axes
  6093 | D:8      | Reached skill level 11 in Axes
  6322 | D:8      | Noticed Gastronok
  6331 | D:8      | Reached XP level 10. HP: 90/90 MP: 6/9
  6886 | D:8      | Noticed Psyche
  6972 | D:9      | Killed Psyche
  6973 | D:9      | Reached skill level 12 in Axes
  7201 | D:8      | Killed Gastronok
  7445 | D:8      | Noticed Joseph
  7455 | D:8      | Killed Joseph
  7522 | D:8      | Reached skill level 13 in Axes
  7971 | D:9      | Noticed a two-headed ogre
  7997 | D:9      | Reached skill level 10 in Armour
  8002 | D:9      | HP: 1/93 [two-headed ogre/+0 giant spiked club (16)]
  8220 | D:9      | Noticed a two-headed ogre
  8224 | D:9      | Reached skill level 10 in Fighting
  8229 | D:9      | Killed a two-headed ogre
  8399 | D:9      | Identified the +6 long sword "Fish" {freeze, rPois rC+ rN+
                  | Stlth-}
  8428 | D:9      | Killed a two-headed ogre
  8429 | D:9      | Reached XP level 11. HP: 53/101 MP: 5/10
  8657 | D:9      | Reached *** piety under Trog
  8714 | D:9      | Found Teawnanno's Hydra Hut.
  8716 | D:9      | Noticed a five-headed hydra
  8730 | D:9      | Found a staircase to the Lair.
  8736 | D:9      | Reached skill level 14 in Axes
  9024 | D:10     | Entered Level 10 of the Dungeon
  9477 | D:10     | Found a blossoming altar of Fedhas.
  9477 | D:10     | Found a snail-covered altar of Cheibriados.
  9530 | D:10     | Found an ancient bone altar of Kikubaaqudgha.
  9645 | D:10     | Found a flagged portal.
  9652 | Bailey   | Entered a bailey
  9739 | Bailey   | Noticed an orc sorcerer
  9743 | Bailey   | Paralysed by an orc sorcerer for 4 turns
  9749 | Bailey   | Killed an orc sorcerer
  9857 | Bailey   | Reached **** piety under Trog
  9894 | Bailey   | Killed from afar by an electric eel

Illustrated notes

Levels and vault maps discovered:
D:1:      dpeg_arrival_central, layout_loops_ring, nicolae_hexahallways,
          minmay_octomino_e4
D:2:      layout_loops_corners, basic_altar
D:3:      layout_rooms
D:4:      layout_rooms, nicolae_overflow_squiral, gammafunk_ghost_smash,
          minmay_puff
D:5:      layout_loops_ring, kennysheep_mini, nicolae_nh_oracle_at_delphi,
          uniq_grinder
D:6:      layout_loops_cross, minmay_temple_entry_antechambers, uniq_maggie
D:7:      layout_basic, st_stairs_9
D:8:      layout_basic, serial_bayou_lagoon_a, uniq_psyche, uniq_gastronok,
          uniq_joseph
D:9:      layout_roguey, erik_lair_orcish_takeover, doesnt_shop_hydraphobe
D:10:     layout_grid_maze, mainiacjoe_overflow_alcove_2,
          mainiacjoe_overflow_alcove_4, nicolae_overflow_two_pavilions,
          enter_bailey_3
Bailey:   bailey_axe_of_yendor_kennysheep, bailey

Skill      XL: |  1  2  3  4  5  6  7  8  9 10 11 |
---------------+----------------------------------+-----
Axes           | 3 4 5 7 9 11 13 14 | 14.9
Armour         | 4 5 6 7 8 10 11 | 11.2
Shields        | 4 |  4.2
Fighting       | 4 5 6 7 8 10 11 | 11.2
Dodging        | 1 2 3 4 5 |  5.0

Action                     |  1- 3 |  4- 6 |  7- 9 | 10-12 || total
---------------------------+-------+-------+-------+-------++-------
  Melee: War axe           |    79 |    13 |       |       ||    92
         Headbutt          |     8 |    13 |    29 |    37 ||    87
         Executioner's axe |       |    91 |   145 |   189 ||   425
         Unarmed           |       |       |       |    14 ||    14
  Throw: Dart              |       |       |       |     7 ||     7
 Invoke: Berserk           |       |       |     4 |     4 ||     8
         Trog's Hand       |       |       |     1 |     3 ||     4
    Use: Scroll            |       |    13 |     3 |     1 ||    17
         Potion            |       |     1 |       |       ||     1
 Armour: Chain mail        |    41 |    50 |    79 |       ||   170
         Scale mail        |     3 |       |       |       ||     3
         Plate armour      |       |       |    21 |   116 ||   137
         Skin              |       |       |       |    30 ||    30
  Dodge: Dodged            |    36 |    43 |    71 |   108 ||   258
  Block: Buckler           |    17 |     2 |       |       ||    19

Table legend: (Time is in decaauts)
 A = Elapsed time spent in this place.
 B = Non-inter-level travel time spent in this place.
 C = Inter-level travel time spent in this place.
 D = Time resting spent in this place.
 E = Time spent auto-exploring this place.
 F = Levels seen in this place.
 G = Mean time per level.
                   A        B        C        D        E       F      G
               +--------+--------+--------+--------+--------+-----+--------+
         Total |  10159 |   9869 |    290 |   1939 |   6200 |  11 |  923.5 |
       Dungeon |   9900 |   9610 |    290 |   1852 |   6118 |  10 |  990.0 |
        Bailey |    259 |    259 |      0 |     87 |     82 |   1 |  259.0 |
               +--------+--------+--------+--------+--------+-----+--------+

Top non-repeatable levels by time:
     D:9: 1565 daAuts
     D:8: 1454 daAuts
     D:5: 1317 daAuts
     D:6: 1266 daAuts
     D:1: 963 daAuts
     D:2: 889 daAuts
     D:4: 781 daAuts
    D:10: 644 daAuts
     D:7: 523 daAuts
     D:3: 494 daAuts
  Bailey: 259 daAuts
